 Dungeon Sprint DCSS version 0.28.0-43-g3370ac3207 (webtiles) character file.

Game seed: 16388157326922698106

1811 boopmooplesden the Fighter (level 8, -2/90 HPs)
             Began as a Minotaur Berserker on Mar 15, 2022.
             Was an Elder of Trog.
             Slain by a centaur warrior (4 damage)
             ... in the Dungeon (Sprint I: "Red Sonja").
             The game lasted 00:01:23 (779 turns).

boopmooplesden the Fighter (Minotaur Berserker)      Turns: 779, Time: 00:01:24

Health: -2/90      AC: 15    Str: 24    XL:     8   Next: 84%
Magic:  7/7        EV: 11    Int:  4    God:    Trog [****..]
Gold:   420        SH:  0    Dex: 10    Spells: 7/7 levels left

rFire   + . .      SeeInvis .   j - +1 club (spect)
rCold   . . .      Faith    .   (no shield)
rNeg    . . .      Spirit   .   k - +4 chain mail {rF+}
rPois   .          Reflect  .   (helmet restricted)
rElec   .          Harm     .   (no cloak)
rCorr   .          Rampage  .   (no gloves)
Will    .....      NoTele   +   (no boots)
Stlth   ..........              (no amulet)
HPRegen 0.25/turn               (no ring)
MPRegen 0.10/turn               (no ring)

@: on berserk cooldown, slowed, very slow
A: horns 2, retaliatory headbutt
a: Renounce Religion, Berserk, Trog's Hand, Brothers in Arms


You were in the Dungeon.
You worshipped Trog.
Trog was greatly pleased with you.
You visited 1 branch You collected 420 gold pieces.

Inventory:

Hand Weapons
 a - a +0 hand axe
 j - a +1 spectral club (weapon)
 l - a +1 scythe of protection
Armour
 b - a +0 animal skin
 k - a +4 chain mail of fire resistance (worn)
Jewellery
 m - an amulet of guardian spirit
Wands
 i - a wand of flame (18)
Scrolls
 h - a scroll of blinking
Potions
 c - a potion of curing
 d - a potion of heal wounds
 e - a potion of haste
 f - 2 potions of magic
 g - a potion of berserk rage


   Skills:
 + Level 14.5 Fighting
 + Level 14.2(14.4) Axes
 + Level 3.2(9.8) Maces & Flails
 + Level 9.7 Armour
 + Level 8.0 Dodging


You had 7 spell levels left.
You didn't know any spells.
Your spell library was empty.

Dungeon Overview and Level Annotations

Branches:
Dungeon (1/1)

Altars:
Cheibriados
Dithmenos
Elyvilon
Fedhas
Gozag
Hepliaklqana
Kikubaaqudgha
Makhleb
Nemelex Xobeh
Okawaru
Qazlal
Ru
Sif Muna
Trog
Uskayaw
Vehumet
Wu Jian
Xom
Yredelemnul
Zin
The Shining One
Jiyva
Lugonu

Shops:
D :


Innate Abilities, Weirdness & Mutations

You have a pair of horns on your head.
You reflexively headbutt those who attack you in melee.


Message History

The centaur warrior is almost dead.
Your +1 spectral club hits the centaur warrior but does no damage.
The centaur warrior hits you but does no damage.
The centaur warrior kicks you.
The centaur warrior wields a +0 longbow.
The centaur warrior shoots an arrow.
The arrow hits you but does no damage.
You hit the centaur warrior.
You kill the centaur warrior!
Trog accepts your kill.
You can now call in reinforcements.
You hear a splash. x2
Your Fighting skill increases to level 14!
Your Axes skill increases to level 14!
Your base Maces & Flails skill gained 2 levels and is now at level 3!
Your Armour skill increases to level 9!
Your Dodging skill increases to level 8!
Unknown command.
You enter the shallow water.
Moving in this stuff is going to be slow.
The centaur warrior shoots an arrow.
The arrow hits you!!
The centaur warrior shoots an arrow.
The arrow hits you.
A hornet comes into view.
Found 81 gold pieces.
You feel a strong urge to attack something.
You are no longer berserk.
You are exhausted.
You feel yourself slow down.
The centaur warrior unwields a +0 longbow.
The centaur warrior hits you!
* * * LOW HITPOINT WARNING * * *
The centaur warrior kicks you.
* * * LOW HITPOINT WARNING * * *
The hornet moves out of view.
You hit the centaur warrior but do no damage.
Your +1 spectral club hits the centaur warrior.
The centaur warrior hits you!
* * * LOW HITPOINT WARNING * * *
The centaur warrior kicks you.
* * * LOW HITPOINT WARNING * * *
The centaur warrior hits you.
You die...

#########################
<.#..'..#..'..#__#..')..#
..'..#.)'[.#..'..'..#...#
..#####'#####'#__####...+
..####..#...#(####§:#####
..#__####..##.#≈≈(§.#.$#
..#_____##'#_.§§@c§.'.y#
⌠⌠#_.∩...†..._#)§§§§#$$#
###_..__##_.#'##+####
#_____###+#.# ####### ###


You could see a centaur warrior and a friendly +1 spectral club (summoned).

Vanquished Creatures
  A centaur warrior (D)
  2 kobold demonologists (D)
  A slime creature (D)
  Sigmund (D)
  A yak (D)
  A floating eye (D)
  An ogre (D)
  A jelly (D)
  Ijyb (D)
10 creatures vanquished.

Notes
Turn   | Place    | Note
-------+----------+-------------------------------------------
     0 | D        | boopmooplesden the Minotaur Berserker began the quest for
                  | the Orb.
     0 | D        | Reached XP level 1. HP: 19/19 MP: 0/0
     1 | D        | Noticed Ijyb
     7 | D        | Killed Ijyb
     8 | D        | Reached skill level 5 in Fighting
     8 | D        | Reached skill level 5 in Axes
     8 | D        | Reached XP level 2. HP: 22/29 MP: 1/1
   158 | D        | Noticed an ogre
   162 | D        | Killed an ogre
   163 | D        | Reached XP level 3. HP: 40/40 MP: 2/2
   163 | D        | Reached XP level 4. HP: 48/48 MP: 3/3
   192 | D        | Noticed Sigmund
   206 | D        | Killed Sigmund
   206 | D        | Reached ** piety under Trog
   207 | D        | Reached skill level 5 in Armour
   207 | D        | Reached skill level 5 in Dodging
   207 | D        | Reached XP level 5. HP: 17/58 MP: 4/4
   207 | D        | Reached XP level 6. HP: 20/66 MP: 5/5
   440 | D        | Found a burning altar of Makhleb.
   440 | D        | Found a viscous altar of Jiyva.
   440 | D        | Found a shimmering altar of Xom.
   440 | D        | Found a corrupted altar of Lugonu.
   440 | D        | Noticed a slime creature
   448 | D        | Killed a slime creature
   651 | D        | Noticed a kobold demonologist
   651 | D        | Noticed a floating eye
   652 | D        | Noticed a kobold demonologist
   654 | D        | Noticed a hellwing
   656 | D        | Noticed an ice devil
   657 | D        | Killed a kobold demonologist
   658 | D        | Reached XP level 7. HP: 77/77 MP: 6/6
   659 | D        | Reached *** piety under Trog
   664 | D        | Killed a kobold demonologist
   665 | D        | Reached XP level 8. HP: 86/86 MP: 7/7
   710 | D        | Found an ornate altar of the Wu Jian Council.
   710 | D        | Found a shimmering blue altar of Sif Muna.
   712 | D        | Found a radiant altar of Vehumet.
   716 | D        | Reached skill level 1 in Maces & Flails
   744 | D        | Found Cazxyabo's Book Emporium.
   744 | D        | Found an ancient bone altar of Kikubaaqudgha.
   744 | D        | Found a hazy altar of Hepliaklqana.
   744 | D        | Found a stormy altar of Qazlal.
   744 | D        | Found a hide-covered altar of Uskayaw.
   744 | D        | Found a blossoming altar of Fedhas.
   744 | D        | Found a bloodstained altar of Trog.
   744 | D        | Found an iron altar of Okawaru.
   744 | D        | Found a basalt altar of Yredelemnul.
   744 | D        | Found a glowing golden altar of the Shining One.
   744 | D        | Found a snail-covered altar of Cheibriados.
   744 | D        | Found a sacrificial altar of Ru.
   744 | D        | Found a glowing silver altar of Zin.
   744 | D        | Found a shadowy altar of Dithmenos.
   744 | D        | Found a white marble altar of Elyvilon.
   751 | D        | Reached **** piety under Trog
   752 | D        | Found an opulent altar of Gozag.
   753 | D        | Found a sparkling altar of Nemelex Xobeh.
   765 | D        | Noticed a centaur warrior
   765 | D        | Noticed a centaur warrior
   776 | D        | Killed a centaur warrior
   778 | D        | Noticed a hornet
   779 | D        | HP: 4/90 [centaur warrior (9)]
   779 | D        | Slain by a centaur warrior

Illustrated notes

Levels and vault maps discovered:
D:        dungeon_sprint_1 [red_sonja_temple_1, red_sonja_temple_small_1]

Skill      XL: |  1  2  3  4  5  6  7  8 |
---------------+-------------------------+-----
Fighting       | 5 7 9 12 13 14 | 14.5
Axes           | 5 7 9 12 13 14 | 14.2
Armour         | 3 4 5 7 8 9 |  9.7
Dodging        | 3 5 6 7 8 |  8.0
Maces & Flails | 3 |  3.2

Action                   |  1- 3 |  4- 6 |  7- 9 || total
-------------------------+-------+-------+-------++-------
Melee: Hand axe          |     4 |       |       ||     4
       Punch             |     1 |       |       ||     1
       Club              |     3 |    24 |    21 ||    48
       Headbutt          |     1 |    11 |     9 ||    21
Invok: Berserk           |     2 |     1 |     1 ||     4
Armor: Chain mail        |     1 |     2 |    10 ||    13
Dodge: Dodged            |     1 |     1 |     5 ||     7
